 Dungeon Crawl Stone Soup version 0.30-a0-718-geaa24f58ff (webtiles) character file.

Game seed: 2529752048696829937

91 ASSMAN the Magician (level 4, -1/36 HPs)
             Began as a Deep Elf Transmuter on Jan 25, 2023.
             Slain by Crazy Yiuf
             ... wielding a +4 quarterstaff of chaos
              (16 damage)
             ... on level 2 of the Dungeon.
             The game lasted 00:04:53 (1909 turns).

ASSMAN the Magician (Deep Elf Transmuter)           Turns: 1909, Time: 00:04:53

Health: -1/36      AC:  2    Str:  7    XL:     4   Next: 33%
Magic:  5/12       EV: 20    Int: 20    God:
Gold:   118        SH:  0    Dex: 20    Spells: 0/12 levels left

rFire   . . .      SeeInvis .      - Unarmed
rCold   . . .      Faith    .    (shield currently unavailable)
rNeg    . . .      Spirit   .    (body armour currently unavailable)
rPois   x          Reflect  .    (helmet currently unavailable)
rElec   .          Harm     .    (cloak currently unavailable)
rCorr   .          Rampage  .    (gloves currently unavailable)
Will    .....                    (boots currently unavailable) Stlth
                                 (no amulet)
HPRegen 0.26/turn                f - ring of flight
MPRegen 0.13/turn                (no ring)

@: berserking, spider-form, wereblooded, flying, very slightly contaminated,
very quick
A: venomous fangs, tiny
a: End Transformation


You were on level 2 of the Dungeon.
You were a venomous arachnid creature.
You visited 1 branch of the dungeon, and saw 2 of its levels.

You collected 118 gold pieces.

Inventory:

Armour
 a - a +0 robe (melded)
 i - a +0 pair of boots (melded)
 k - a +0 helmet (melded)
Jewellery
 f - a ring of flight (left front pincers)
 q - a ring of wizardry
Wands
 o - a wand of digging (8)
Scrolls
 c - a scroll of amnesia {unknown}
 d - a scroll of fear {unknown}
 g - 3 scrolls of identify {unknown}
 h - a scroll of noise {unknown}
 l - a scroll of silence {unknown}
 m - a scroll of acquirement {unknown}
 r - a scroll of enchant weapon {unknown}
Potions
 b - a potion of lignification
 e - a potion of mutation {unknown}
 j - 2 potions of degeneration {unknown}
 n - a potion of might {unknown}
 p - 2 potions of curing {unknown}


   Skills:
 - Level 0.7 Fighting
 - Level 2.4 Dodging
 - Level 2.4 Unarmed Combat
 + Level 4.9 Spellcasting
 + Level 3.9 Transmutations


You couldn't memorise any spells.
You knew the following spells:

 Your Spells              Type           Power      Damage    Failure   Level
a - Beastly Appendage     Tmut           40%        N/A       9%          1
b - Wereblood             Tmut           20%        N/A       12%         2
c - Spider Form           Tmut/Pois      12%        N/A       34%         3
d - Ignite Poison         Fire/Tmut/Pois 10%        N/A       41%         3
e - Kindle Blastsparks    Fire/Tloc/Air  8%         2d10      56%         3

Your spell library contained the following spells:

 Spells                   Type           Power      Damage    Failure   Level
 Ice Form                 Ice/Tmut       12%        N/A       67%         4
 Freezing Cloud           Conj/Ice/Air   2%         6-21      99%         5


Dungeon Overview and Level Annotations

Branches:
Dungeon (2/15)

Altars:

Annotations:
D:1 2 transporters
D:2 Crazy Yiuf


Message History

The fungus is lightly damaged.
You hit the fungus but do no damage.
The fungus is lightly damaged.
You hit the fungus.
The fungus is lightly damaged.
You hit the fungus.
The fungus is lightly damaged.
A nearby fungus withers and dies.
Found a hammer.
Found a runed translucent door.
Crazy Yiuf shouts!
Crazy Yiuf whimpers, "Defame sanguine Orb Guardian!"
Casting: Beastly Appendage (safe; 2% risk of failure)
Confirm with . or Enter, or press ? or * to list all spells.
You miscast Wereblood.
You are very lightly contaminated with residual magic.
Nothing appears to happen.
Casting: Wereblood (safe; 3% risk of failure)
Confirm with . or Enter, or press ? or * to list all spells.
Your blood is infused with primal strength.
Casting: Wereblood (safe; 3% risk of failure)
Confirm with . or Enter, or press ? or * to list all spells.
The spell is quite dangerous to miscast (16% risk of failure)!
Continue anyway?
You turn into a venomous arachnid creature.
Your +0 helmet melds into your body.
Your +0 pair of boots melds into your body.
Your +0 robe melds into your body.
As you open the door, it creaks loudly!
You hit Crazy Yiuf.
Crazy Yiuf is poisoned.
Crazy Yiuf is lightly wounded.
Crazy Yiuf closely misses you.
You hit Crazy Yiuf but do no damage.
Crazy Yiuf looks as sick as possible!
Crazy Yiuf is moderately wounded.
Crazy Yiuf hits you with a +4 quarterstaff of chaos!
Ouch! That really hurt!
A red film seems to cover your vision as you go berserk!
You feel yourself moving faster!
You feel mighty!
You barely miss Crazy Yiuf.
Crazy Yiuf is moderately wounded.
Crazy Yiuf hits you with a +4 quarterstaff of chaos!
You die...

###.### ##....# #.# #.#####
#....# #.# #.....# ♣♣PP.♣
#.# #####.# ♣PP.♣ #.# #####
#.# ♣♣.♣♣ #.## ##...###.#
♣♣.♣ ####..## #÷....##.#
♣.♣♣ #......# ......##.#
♣♣.♣ #####.†# #.....##.#
♣s♣♣ #####..# ##...###.# #g#
#...#.<# ###.## #.# ...
###.#..# ###.####.# #...#
###.#..# .........# #)..#
#......# ....###### #####
##....## ..########## #....#
#.####.....### ###.##.#
#...##.#####.########.#.##.#


You could see Crazy Yiuf (extremely poisoned).

Vanquished Creatures
  Terence (D:2)
  Robin (D:2)
  An adder (D:2)
  5 bats (D:2)
  2 endoplasms
  3 giant cockroaches (D:1)
  12 goblins
  6 hobgoblins
  2 quokkas (D:2)
  A ball python (D:2)
  3 frilled lizards (D:2)
  3 kobolds
  3 rats
43 creatures vanquished.

Vanquished Creatures (others)
  A fungus (D:2)
1 creature vanquished.

Grand Total: 44 creatures vanquished

Notes
Turn   | Place    | Note
-------+----------+-------------------------------------------
     0 | D:1      | ASSMAN the Deep Elf Transmuter began the quest for the Orb.
     0 | D:1      | Reached XP level 1. HP: 11/11 MP: 6/6
   269 | D:1      | Reached XP level 2. HP: 16/16 MP: 5/8
   895 | D:2      | Noticed Robin
   911 | D:1      | Learned a level 2 spell: Wereblood
   937 | D:2      | Killed Robin
   938 | D:2      | Reached skill level 4 in Spellcasting
   938 | D:2      | Reached XP level 3. HP: 9/20 MP: 5/10
  1121 | D:2      | Learned a level 3 spell: Spider Form
  1125 | D:2      | Learned a level 3 spell: Ignite Poison
  1232 | D:2      | Noticed Terence
  1246 | D:2      | Killed Terence
  1247 | D:2      | Reached XP level 4. HP: 14/24 MP: 8/12
  1817 | D:2      | Learned a level 3 spell: Kindle Blastsparks
  1899 | D:2      | Found a runed translucent door.
  1900 | D:2      | Noticed Crazy Yiuf
  1909 | D:2      | Slain by Crazy Yiuf

Illustrated notes

Levels and vault maps discovered:
D:1:      spicycebolla_arrival_transporter_tutorial, layout_loops_ring
D:2:      layout_loops_ring, uniq_terence, uniq_crazy_yiuf_cottage, uniq_robin

Skill      XL: |  1  2 |
---------------+-------+-----
Spellcasting   | 4 |  4.9
Transmutations | 3 |  3.9
Fighting       | |  0.7
Dodging        | |  2.4
Unarmed Combat | |  2.4

Action                     |  1- 3 |  4- 6 || total
---------------------------+-------+-------++-------
  Melee: Unarmed           |    99 |    48 ||   147
         Kick              |    17 |     6 ||    23
         Headbutt          |    11 |     6 ||    17
         Punch             |     1 |     1 ||     2
   Cast: Beastly Appendage |    15 |    11 ||    26
         Wereblood         |     2 |     2 ||     4
         Spider Form       |       |     1 ||     1
    Use: Potion            |     2 |       ||     2
   Stab: Sleeping          |     1 |       ||     1
 Armour: Robe              |    16 |     8 ||    24
         Skin              |    17 |       ||    17
  Dodge: Dodged            |    46 |    36 ||    82

Table legend: (Time is in decaauts)
 A = Elapsed time spent in this place.
 B = Non-inter-level travel time spent in this place.
 C = Inter-level travel time spent in this place.
 D = Time resting spent in this place.
 E = Time spent auto-exploring this place.
 F = Levels seen in this place.
 G = Mean time per level.
                   A        B        C        D        E       F      G
               +--------+--------+--------+--------+--------+-----+--------+
         Total |   1902 |   1887 |     15 |     87 |   1388 |   2 |  951.0 |
       Dungeon |   1902 |   1887 |     15 |     87 |   1388 |   2 |  951.0 |
               +--------+--------+--------+--------+--------+-----+--------+

Top non-repeatable levels by time:
     D:2: 1048 daAuts
     D:1: 854 daAuts
